Description

Maybe some others will be interested in this. Thanks for pointing this out to me that it's not that difficult Harstem! I saw the game live, but didn't think to copy it on the ladder

VOD

https://youtu.be/FW0yIIrw14A?t=2760

Replay - Cure v herO: Game 4 - [ESL] Goldenaura

Build Order

Get SALT Encoding   

  12  0:00  SCV  
  13  0:12  SCV  
  14  0:17  Supply Depot  
  14  0:24  SCV  
  15  0:40  Barracks  
  15  0:44  Refinery  
  15  0:56  Barracks  
  15  1:00  SCV  
  16  1:13  SCV  
  17  1:26  Barracks Tech Lab  
  17  1:27  Orbital Command  
  17  1:37  Supply Depot  
  17  1:42  Barracks Tech Lab  
  17  1:45  Marauder  
  19  1:52  SCV  
  20  1:55  Concussive Shells  
  20  2:05  Marauder  
  22  2:10  SCV  
  22  2:13  Marauder  
  25  2:21  Supply Depot  
  25  2:22  SCV  
  26  2:27  Marauder  
  28  2:35  Marauder  
  28  2:36  SCV  
  31  2:49  Bunker  
  26  3:07  Marauder  
  26  3:12  Marauder  
  28  3:13  SCV  
  23  3:29  Marauder  
  25  3:36  Marauder  
  28  3:44  Supply Depot  
  27  3:50  Marauder  
  33  4:09  Refinery  
  33  4:44  Factory  
  36  4:52  Engineering Bay  
  32  5:18  Missile Turret  
Spawning Tool Build Advisor. Get it on Overwolf

Go to:

Details

  • Created by: LordyLord
  • Published on: Feb 16, 2024
  • Modified on: Feb 16, 2024
  • Patch: 5.0.11
  • Difficulty: Medium
Show
View Real Time Build Order
Export as new Build Order

Comments (0)

There are no comments. Be the first!

Create an account to comment!